Bruins vs Wild

Created - December-17-13 at 17:32

Goals
1 2 3 OT1 SO T
Bruins 0 1 1 0 1 3
Wild 1 0 1 0 0 2
Shots
1 2 3 OT1 SO T
Bruins 6 3 8 5 3 22
Wild 3 12 6 4 3 25

1st period

1. Wild , Erik Cole 10 (Andrei Markov, Andy McDonald) at 4:48 (PP)

Penalties :
Chris Kunitz (BOS) for Holding (Minor) at 3:40, Chris Kelly (BOS) for Hooking (Minor) at 7:21, Chris Kunitz (BOS) for Holding (Minor) at 19:26

2nd period

2. Bruins , Logan Couture 16 (David Krejci, Braydon Coburn) at 14:10

Penalties :
Dennis Seidenberg (BOS) for Slashing (Minor) at 3:53, Chris Kunitz (BOS) for Interference (Minor) at 6:10

3rd period

3. Bruins , Logan Couture 17 (David Krejci, Matt Read) at 6:01
4. Wild , Erik Cole 11 (Fedor Tyutin, Andy McDonald) at 10:55

Penalties :
Alexei Ponikarovsky (MIN) for Hooking (Minor) at 14:31

Overtime #1

No Goal

Penalties :
No Penalty

Shootout

Penalty Shot by Chris Kunitz for Bruins - Goal!
Penalty Shot by Andy McDonald for Wild - Stopped by Tuukka Rask
Penalty Shot by Logan Couture for Bruins - Shot Misses the Net
Penalty Shot by Brent Burns for Wild - Stopped by Tuukka Rask
Penalty Shot by Brad Marchand for Bruins - Shot Misses the Net
Penalty Shot by Andrei Markov for Wild - Stopped by Tuukka Rask

Penalties :
No Penalty

Goalie Stats

Tuukka Rask (BOS), 23 saves from 25 shots - (0.920), W, 15-12-1, 65:00 minutes
Niklas Backstrom (MIN), 20 saves from 22 shots - (0.909), OTL, 7-6-1, 65:00 minutes

Players Stats for Bruins

Player Name              G  A  P  +/- PIM S  H  SB GA TA FO     MP     PP MP  PK MP  
------------------------------------------------------------------------------------
Brad Marchand            0  0  0   0  0   4  0  0  0  0  0/1    12:58   1:13   0:46 
Braydon Coburn           0  1  1   1  0   0  0  3  0  0  0/0    14:43   0:00   0:00 
Chris Kelly              0  0  0   0  2   0  3  0  0  0  7/15   15:18   0:00   4:26 
Chris Kunitz             0  0  0  -1  6   1  1  0  0  0  1/2    15:16   1:13   0:00 
Christian Ehrhoff        0  0  0   1  0   0  0  5  0  0  0/0    24:07   0:46   3:41 
David Krejci             0  2  2   2  0   0  6  1  0  0  9/22   21:52   0:00   3:25 
Dennis Seidenberg        0  0  0   1  2   2  2  1  0  0  0/0    22:36   0:00   3:35 
Dougie Hamilton          0  0  0  -1  0   0  0  0  0  0  0/0    20:53   0:46   0:23 
Jakob Silfverberg        0  0  0   0  0   1  1  0  0  0  1/3    14:54   0:00   0:00 
Johnny Boychuk           0  0  0   1  0   0  0  0  0  0  0/0    16:39   0:00   4:07 
Logan Couture            2  0  2   2  0   7  1  0  0  0  4/6    21:16   0:46   0:00 
Loui Eriksson            0  0  0  -1  0   0  0  0  0  0  0/2    18:27   0:00   0:00 
Matt Read                0  1  1   2  0   1  2  0  0  0  0/1    19:40   1:13   0:00 
Milan Lucic              0  0  0   0  0   2  1  0  0  0  1/2     9:03   0:46   2:40 
Patrice Bergeron         0  0  0  -1  0   2  0  0  0  0  8/15   16:05   0:46   1:13 
Sean Couturier           0  0  0   0  0   0  0  0  0  0  7/9    14:00   0:00   5:38 
Torey Krug               0  0  0   0  0   2  0  0  0  0  0/0     7:17   1:13   1:22 
Zdeno Chara              0  0  0  -1  0   0  3  0  0  0  0/0    25:47   1:13   5:00 

Players Stats for Wild

Player Name              G  A  P  +/- PIM S  H  SB GA TA FO     MP     PP MP  PK MP  
------------------------------------------------------------------------------------
Alexei Ponikarovsky      0  0  0  -1  2   0  3  0  0  0  1/1    15:56   0:00   0:00 
Andrei Markov            0  1  1   0  0   3  0  3  0  0  0/0    26:16   3:48   0:00 
Andrew Ebbett            0  0  0   0  0   0  0  0  0  0  0/0    20:56   3:31   0:49 
Andy McDonald            0  2  2   0  0   2  1  0  0  0  15/34  25:10   4:31   0:00 
Anton Babchuk            0  0  0   0  0   0  0  0  0  0  0/0     0:00   0:00   0:00 
Blake Comeau             0  0  0  -1  0   0  1  0  0  0  2/2    17:07   1:00   0:52 
Brent Burns              0  0  0   0  0   9  6  0  0  0  0/0    22:01   4:33   1:02 
Clayton Stoner           0  0  0  -1  0   1  4  1  0  0  0/0    14:14   0:00   1:02 
Erik Cole                2  0  2   0  0   4  9  0  0  0  1/1    25:28   4:31   0:18 
Fedor Tyutin             0  1  1   0  0   2  0  1  0  0  0/0    26:47   4:01   0:00 
Jamie Langenbrunner      0  0  0   0  0   0  0  0  0  0  0/0     0:00   0:00   0:00 
Jay Pandolfo             0  0  0   0  0   0  2  1  0  0  14/30  22:00   4:33   1:07 
John-Michael Liles       0  0  0   0  0   1  2  2  0  0  0/0    17:49   1:15   0:57 
Manny Malhotra           0  0  0  -1  0   1  0  2  0  0  7/10   16:49   0:00   0:52 
Michael Stone            0  0  0   0  0   0  4  1  0  0  0/0    20:50   4:30   0:41 
Milan Michalek           0  0  0   0  0   1  2  0  0  0  0/0    24:54   4:33   0:00 
Ryan Whitney             0  0  0  -1  0   1  1  3  0  0  0/0    20:42   4:34   0:16 
Toby Petersen            0  0  0   0  0   0  0  0  0  0  0/0     1:01   0:00   0:00 

3 Stars

1 - Erik Cole (MIN)
2 - Logan Couture (BOS)
3 - David Krejci (BOS)

Power Play

Bruins - 0 on 1 Attempt(s) - 0.00%
Wild - 1 on 5 Attempt(s) - 20.00%

Penalty Kill

Bruins - 4 on 5 Attempt(s) - 80.00% - Score 0 goal in Penalty Kill
Wild - 1 on 1 Attempt(s) - 100.00% - Score 0 goal in Penalty Kill

Official

Referees : Dennis LaRue and TJ Luxmore
Linesman : Ryan Galloway and Michel Cormier

Game Notes

No Game Note

Finance

Level 1 -- Attendance: 5574 (85.75%) -- Ticket Income $557,400
Level 2 -- Attendance: 4708 (94.16%) -- Ticket Income $282,480
Level 3 -- Attendance: 3431 (98.03%) -- Ticket Income $120,085
Level 4 -- Attendance: 2064 (100.00%) -- Ticket Income $41,280
Luxury Box -- Attendance: 867 (86.70%) -- Ticket Income $173,400
Game was played at the Xcel Energy Center
Total Attendance: 16644 (92.14%)
Total Ticket Income: $1,174,645
Other Income: $176,197
Total Income: $1,350,842


% Time on Ice - Bruins

Lines # - Real PCT - Wanted PCT - Time Play
Normal Forward
1 - 38% - 40% - 18:27
2 - 29% - 30% - 14:06
3 - 22% - 20% - 10:53
4 - 11% - 10% - 5:31
Normal Defense
1 - 35% - 40% - 16:55
2 - 34% - 30% - 16:51
3 - 26% - 20% - 12:32
4 - 5% - 10% - 2:39
PP Forward
1 - 61% - 60% - 1:13
2 - 39% - 40% - 0:46
PP Defense
1 - 61% - 60% - 1:13
2 - 39% - 40% - 0:46
PK Forward
1 - 71% - 60% - 6:24
2 - 29% - 40% - 2:40
PK Defense
1 - 59% - 60% - 5:23
2 - 41% - 40% - 3:41
PK3 Forward
1 - 0% - 60%
2 - 0% - 40%
PK3 Defense
1 - 0% - 60%
2 - 0% - 40%
44 Forward
1 - 59% - 60% - 2:57
2 - 41% - 40% - 2:03
44 Defense
1 - 56% - 60% - 2:49
2 - 44% - 40% - 2:11
Last Minute Offensive  - 0:00
Last Minute Defensive  - 0:00
Total
Forward - 65:00
Defense - 65:00

% Time on Ice - Wild

Lines # - Real PCT - Wanted PCT - Time Play
Normal Forward
1 - 29% - 35% - 14:06
2 - 30% - 35% - 14:33
3 - 33% - 15% - 15:57
4 - 9% - 15% - 4:21
Normal Defense
1 - 32% - 35% - 15:37
2 - 32% - 35% - 15:39
3 - 27% - 15% - 13:12
4 - 9% - 15% - 4:29
PP Forward
1 - 50% - 50% - 4:33
2 - 50% - 50% - 4:31
PP Defense
1 - 50% - 50% - 4:34
2 - 50% - 50% - 4:30
PK Forward
1 - 44% - 50% - 0:52
2 - 56% - 50% - 1:07
PK Defense
1 - 52% - 50% - 1:02
2 - 48% - 50% - 0:57
PK3 Forward
1 - 0% - 50%
2 - 0% - 50%
PK3 Defense
1 - 0% - 50%
2 - 0% - 50%
44 Forward
1 - 51% - 50% - 2:34
2 - 49% - 50% - 2:26
44 Defense
1 - 53% - 50% - 2:40
2 - 47% - 50% - 2:20
Last Minute Offensive  - 0:00
Last Minute Defensive  - 0:00
Total
Forward - 65:00
Defense - 65:00

Play by Play

1st period


0:01 of 1st period - Jay Pandolfo wins face-off versus David Krejci in neutral zone.
0:20 of 1st period - Shot by Logan Couture.
0:20 of 1st period - Stopped by Niklas Backstrom without a rebound.
0:21 of 1st period - Andy McDonald wins face-off versus Chris Kunitz in Wild zone.
1:25 of 1st period - Icing by Brad Marchand.
1:26 of 1st period - Chris Kelly wins face-off versus Jay Pandolfo in Bruins zone.
1:26 of 1st period - Chris Kelly is hit by Brent Burns.
2:55 of 1st period - Shot by Dougie Hamilton.
2:55 of 1st period - Shot Misses the Net.
2:57 of 1st period - Shot by Matt Read.
2:57 of 1st period - Shot Misses the Net.
3:15 of 1st period - Shot by Milan Lucic.
3:15 of 1st period - Shot Blocked by Ryan Whitney.
3:17 of 1st period - Shot by Dennis Seidenberg.
3:17 of 1st period - Stopped by Niklas Backstrom without a rebound.
3:18 of 1st period - Patrice Bergeron wins face-off versus Andy McDonald in Wild zone.
3:27 of 1st period - Shot by Patrice Bergeron.
3:27 of 1st period - Shot Blocked by Andrei Markov.
3:29 of 1st period - Shot by Loui Eriksson.
3:29 of 1st period - Shot Misses the Net.
3:40 of 1st period - Minor Penalty to Chris Kunitz for Holding.
3:41 of 1st period - Chris Kelly wins face-off versus Jay Pandolfo in Bruins zone.
4:08 of 1st period - Shot by Ryan Whitney.
4:08 of 1st period - Shot Misses the Net.
4:10 of 1st period - Shot by Fedor Tyutin.
4:10 of 1st period - Stopped by Tuukka Rask without a rebound.
4:11 of 1st period - Andy McDonald wins face-off versus David Krejci in Bruins zone.
4:46 of 1st period - Shot by Andrei Markov.
4:46 of 1st period - Shot Misses the Net.
4:48 of 1st period - Shot by Erik Cole.
4:48 of 1st period - Goal by Erik Cole - Bruins : 0 - Wild : 1.
4:49 of 1st period - Manny Malhotra wins face-off versus Loui Eriksson in neutral zone.
5:05 of 1st period - Icing by Dougie Hamilton.
5:06 of 1st period - Patrice Bergeron wins face-off versus Jay Pandolfo in Bruins zone.
5:06 of 1st period - Patrice Bergeron is hit by Brent Burns.
5:34 of 1st period - Zdeno Chara is hit by Jay Pandolfo and loses puck.
6:23 of 1st period - Shot by Andrew Ebbett.
6:23 of 1st period - Shot Misses the Net.
6:25 of 1st period - Shot by Andrei Markov.
6:25 of 1st period - Shot Blocked by David Krejci.
6:27 of 1st period - Shot by Fedor Tyutin.
6:27 of 1st period - Shot Blocked by Christian Ehrhoff.
6:29 of 1st period - Shot by Fedor Tyutin.
6:29 of 1st period - Shot Misses the Net.
6:31 of 1st period - Shot by Erik Cole.
6:31 of 1st period - Shot Misses the Net.
7:21 of 1st period - Minor Penalty to Chris Kelly for Hooking.
7:22 of 1st period - David Krejci wins face-off versus Jay Pandolfo in Bruins zone.
7:22 of 1st period - David Krejci is hit by Brent Burns.
9:17 of 1st period - Shot by Michael Stone.
9:17 of 1st period - Shot Misses the Net.
11:11 of 1st period - Icing by Christian Ehrhoff.
11:12 of 1st period - Sean Couturier wins face-off versus Andy McDonald in Bruins zone.
11:12 of 1st period - Sean Couturier is hit by Milan Michalek.
11:15 of 1st period - Milan Lucic is hit by Milan Michalek and loses puck.
11:36 of 1st period - Shot by Fedor Tyutin.
11:36 of 1st period - Shot Hit the Post.
11:38 of 1st period - Shot by Erik Cole.
11:38 of 1st period - Shot Misses the Net.
11:54 of 1st period - Milan Michalek is hit by Milan Lucic and loses puck.
12:27 of 1st period - Zdeno Chara is hit by Alexei Ponikarovsky and loses puck.
12:43 of 1st period - Brad Marchand is hit by Clayton Stoner and loses puck.
12:53 of 1st period - Brad Marchand is hit by Clayton Stoner and loses puck.
12:56 of 1st period - Shot by Brad Marchand.
12:56 of 1st period - Shot Blocked by Clayton Stoner.
12:58 of 1st period - Shot by Brad Marchand.
12:58 of 1st period - Stopped by Niklas Backstrom without a rebound.
12:59 of 1st period - Jay Pandolfo wins face-off versus David Krejci in Wild zone.
12:59 of 1st period - Jay Pandolfo is hit by David Krejci.
13:18 of 1st period - Shot by David Krejci.
13:18 of 1st period - Shot Misses the Net.
13:20 of 1st period - Shot by Logan Couture.
13:20 of 1st period - Stopped by Niklas Backstrom without a rebound.
13:21 of 1st period - Jay Pandolfo wins face-off versus David Krejci in Wild zone.
13:21 of 1st period - Jay Pandolfo is hit by David Krejci.
16:28 of 1st period - Icing by Dougie Hamilton.
16:29 of 1st period - Sean Couturier wins face-off versus Andy McDonald in Bruins zone.
17:25 of 1st period - Johnny Boychuk is hit by Alexei Ponikarovsky and loses puck.
17:42 of 1st period - Shot by Logan Couture.
17:42 of 1st period - Deflect By Matt Read.
17:42 of 1st period - Stopped by Niklas Backstrom without a rebound.
17:43 of 1st period - Patrice Bergeron wins face-off versus Jay Pandolfo in Wild zone.
17:56 of 1st period - Shot by Brent Burns.
17:56 of 1st period - Stopped by Tuukka Rask without a rebound.
17:57 of 1st period - David Krejci wins face-off versus Andy McDonald in Bruins zone.
18:01 of 1st period - Icing by Logan Couture.
18:02 of 1st period - David Krejci wins face-off versus Jay Pandolfo in Bruins zone.
18:02 of 1st period - Matt Read is hit by Brent Burns and loses puck.
18:08 of 1st period - Icing by Braydon Coburn.
18:09 of 1st period - Andy McDonald wins face-off versus David Krejci in Bruins zone.
18:24 of 1st period - Shot by Matt Read.
18:24 of 1st period - Shot Blocked by Andrei Markov.
18:37 of 1st period - Shot by Logan Couture.
18:37 of 1st period - Shot Misses the Net.
19:00 of 1st period - Fedor Tyutin is hit by David Krejci and loses puck.
19:13 of 1st period - Shot by Patrice Bergeron.
19:13 of 1st period - Shot Blocked by Fedor Tyutin.
19:17 of 1st period - Shot by Patrice Bergeron.
19:17 of 1st period - Stopped by Niklas Backstrom with a rebound.
19:26 of 1st period - Minor Penalty to Chris Kunitz for Holding.
19:27 of 1st period - Chris Kelly wins face-off versus Jay Pandolfo in Bruins zone.
19:27 of 1st period - Chris Kelly is hit by Brent Burns.
Goals for this period are 0 for Bruins vs 1 for Wild.
Shots for this period are 6 for Bruins vs 3 for Wild.

2nd period


0:01 of 2nd period - Andy McDonald wins face-off versus Chris Kelly in neutral zone.
0:08 of 2nd period - Shot by Erik Cole.
0:08 of 2nd period - Shot Misses the Net.
0:16 of 2nd period - Shot by Andrei Markov.
0:16 of 2nd period - Shot Misses the Net.
1:08 of 2nd period - Shot by Fedor Tyutin.
1:08 of 2nd period - Stopped by Tuukka Rask without a rebound.
1:09 of 2nd period - Jay Pandolfo wins face-off versus Chris Kelly in Bruins zone.
1:52 of 2nd period - Shot by Chris Kunitz.
1:52 of 2nd period - Stopped by Niklas Backstrom without a rebound.
1:53 of 2nd period - David Krejci wins face-off versus Jay Pandolfo in Wild zone.
1:56 of 2nd period - Shot by Matt Read.
1:56 of 2nd period - Deflect By Logan Couture.
1:56 of 2nd period - Shot Blocked by Michael Stone.
2:31 of 2nd period - Logan Couture is hit by Michael Stone and loses puck.
2:44 of 2nd period - Icing by Zdeno Chara.
2:45 of 2nd period - Andy McDonald wins face-off versus David Krejci in Bruins zone.
3:08 of 2nd period - Shot by Andy McDonald.
3:08 of 2nd period - Stopped by Tuukka Rask with a rebound.
3:10 of 2nd period - Shot by Erik Cole.
3:10 of 2nd period - Stopped by Tuukka Rask without a rebound.
3:11 of 2nd period - Blake Comeau wins face-off versus Patrice Bergeron in Bruins zone.
3:11 of 2nd period - Manny Malhotra is hit by Dennis Seidenberg and loses puck.
3:20 of 2nd period - Shot by Alexei Ponikarovsky.
3:20 of 2nd period - Shot Misses the Net.
3:22 of 2nd period - Shot by Manny Malhotra.
3:22 of 2nd period - Stopped by Tuukka Rask with a rebound.
3:52 of 2nd period - Shot by Manny Malhotra.
3:52 of 2nd period - Deflect By Blake Comeau.
3:52 of 2nd period - Shot Blocked by Dennis Seidenberg.
3:53 of 2nd period - Minor Penalty to Dennis Seidenberg for Slashing.
3:54 of 2nd period - Chris Kelly wins face-off versus Andy McDonald in Bruins zone.
4:34 of 2nd period - Shot by Andrei Markov.
4:34 of 2nd period - Stopped by Tuukka Rask without a rebound.
4:35 of 2nd period - Jay Pandolfo wins face-off versus Chris Kelly in Bruins zone.
5:08 of 2nd period - Shot by Ryan Whitney.
5:08 of 2nd period - Stopped by Tuukka Rask without a rebound.
5:09 of 2nd period - Milan Lucic wins face-off versus Andy McDonald in Bruins zone.
5:11 of 2nd period - David Krejci is hit by Erik Cole and loses puck.
6:10 of 2nd period - Minor Penalty to Chris Kunitz for Interference.
6:11 of 2nd period - Chris Kelly wins face-off versus Jay Pandolfo in Bruins zone.
6:11 of 2nd period - Chris Kelly is hit by Jay Pandolfo.
6:35 of 2nd period - Shot by Fedor Tyutin.
6:35 of 2nd period - Shot Misses the Net.
6:37 of 2nd period - Shot by Fedor Tyutin.
6:37 of 2nd period - Shot Blocked by Christian Ehrhoff.
6:39 of 2nd period - Shot by Ryan Whitney.
6:39 of 2nd period - Shot Misses the Net.
6:41 of 2nd period - Shot by Fedor Tyutin.
6:41 of 2nd period - Shot Misses the Net.
7:21 of 2nd period - Shot by Erik Cole.
7:21 of 2nd period - Shot Hit the Post.
8:02 of 2nd period - Icing by Milan Michalek.
8:03 of 2nd period - Jay Pandolfo wins face-off versus Chris Kelly in Wild zone.
8:15 of 2nd period - Icing by Johnny Boychuk.
8:16 of 2nd period - Blake Comeau wins face-off versus Patrice Bergeron in Bruins zone.
8:26 of 2nd period - Off-side.
8:27 of 2nd period - David Krejci wins face-off versus Andy McDonald in neutral zone.
8:38 of 2nd period - Shot by Matt Read.
8:38 of 2nd period - Shot Misses the Net.
8:43 of 2nd period - Andy McDonald is hit by David Krejci and loses puck.
9:53 of 2nd period - Shot by Patrice Bergeron.
9:53 of 2nd period - Stopped by Niklas Backstrom without a rebound.
9:54 of 2nd period - Jay Pandolfo wins face-off versus Chris Kelly in Wild zone.
9:54 of 2nd period - Jay Pandolfo is hit by Chris Kelly.
9:57 of 2nd period - Icing by Brent Burns.
9:58 of 2nd period - Chris Kelly wins face-off versus Jay Pandolfo in Wild zone.
10:27 of 2nd period - Shot by Milan Michalek.
10:27 of 2nd period - Shot Misses the Net.
10:29 of 2nd period - Shot by Clayton Stoner.
10:29 of 2nd period - Stopped by Tuukka Rask without a rebound.
10:30 of 2nd period - Andy McDonald wins face-off versus David Krejci in Bruins zone.
10:38 of 2nd period - Logan Couture is hit by Erik Cole and loses puck.
10:50 of 2nd period - Icing by Fedor Tyutin.
10:51 of 2nd period - Patrice Bergeron wins face-off versus Andy McDonald in Wild zone.
10:53 of 2nd period - Chris Kunitz is hit by John-Michael Liles and loses puck.
11:16 of 2nd period - Shot by Loui Eriksson.
11:16 of 2nd period - Shot Blocked by John-Michael Liles.
11:23 of 2nd period - Icing by Fedor Tyutin.
11:24 of 2nd period - Logan Couture wins face-off versus Andy McDonald in Wild zone.
11:46 of 2nd period - Fedor Tyutin is hit by Zdeno Chara and loses puck.
12:04 of 2nd period - Icing by Fedor Tyutin.
12:05 of 2nd period - Andy McDonald wins face-off versus Patrice Bergeron in Wild zone.
12:31 of 2nd period - Shot by Loui Eriksson.
12:31 of 2nd period - Shot Misses the Net.
12:47 of 2nd period - Shot by Andrei Markov.
12:47 of 2nd period - Stopped by Tuukka Rask without a rebound.
12:48 of 2nd period - Chris Kelly wins face-off versus Manny Malhotra in Bruins zone.
13:39 of 2nd period - Torey Krug is hit by Blake Comeau.
14:06 of 2nd period - Shot by Logan Couture.
14:06 of 2nd period - Shot Misses the Net.
14:10 of 2nd period - Shot by Logan Couture.
14:10 of 2nd period - Goal by Logan Couture - Bruins : 1 - Wild : 1.
14:11 of 2nd period - Patrice Bergeron wins face-off versus Jay Pandolfo in neutral zone.
14:24 of 2nd period - Shot by Brent Burns.
14:24 of 2nd period - Shot Blocked by Christian Ehrhoff.
14:48 of 2nd period - Shot by Brent Burns.
14:48 of 2nd period - Shot Misses the Net.
14:50 of 2nd period - Shot by Brent Burns.
14:50 of 2nd period - Shot Misses the Net.
14:52 of 2nd period - Shot by Michael Stone.
14:52 of 2nd period - Shot Misses the Net.
15:03 of 2nd period - Chris Kunitz is hit by John-Michael Liles and loses puck.
15:24 of 2nd period - Shot by John-Michael Liles.
15:24 of 2nd period - Shot Misses the Net.
15:26 of 2nd period - Shot by Erik Cole.
15:26 of 2nd period - Shot Blocked by Christian Ehrhoff.
15:38 of 2nd period - Shot by John-Michael Liles.
15:38 of 2nd period - Stopped by Tuukka Rask without a rebound.
15:39 of 2nd period - Jay Pandolfo wins face-off versus David Krejci in Bruins zone.
16:42 of 2nd period - Brad Marchand is hit by Alexei Ponikarovsky and loses puck.
17:39 of 2nd period - Shot by Andy McDonald.
17:39 of 2nd period - Shot Misses the Net.
17:41 of 2nd period - Shot by John-Michael Liles.
17:41 of 2nd period - Shot Blocked by Braydon Coburn.
17:43 of 2nd period - Shot by John-Michael Liles.
17:43 of 2nd period - Shot Blocked by Braydon Coburn.
18:07 of 2nd period - Shot by Andy McDonald.
18:07 of 2nd period - Shot Misses the Net.
18:09 of 2nd period - Shot by Erik Cole.
18:09 of 2nd period - Shot Misses the Net.
18:11 of 2nd period - Shot by Fedor Tyutin.
18:11 of 2nd period - Shot Blocked by Braydon Coburn.
18:37 of 2nd period - Shot by Milan Michalek.
18:37 of 2nd period - Deflect By Brent Burns.
18:37 of 2nd period - Stopped by Tuukka Rask without a rebound.
18:38 of 2nd period - Manny Malhotra wins face-off versus David Krejci in Bruins zone.
19:18 of 2nd period - Shot by Andy McDonald.
19:18 of 2nd period - Stopped by Tuukka Rask with a rebound.
19:58 of 2nd period - Shot by Brent Burns.
19:58 of 2nd period - Stopped by Tuukka Rask with a rebound.
Goals for this period are 1 for Bruins vs 0 for Wild.
Shots for this period are 3 for Bruins vs 12 for Wild.

3rd period


0:01 of 3rd period - Jay Pandolfo wins face-off versus Logan Couture in neutral zone.
0:17 of 3rd period - Shot by Logan Couture.
0:17 of 3rd period - Shot Blocked by Jay Pandolfo.
0:41 of 3rd period - Shot by Brent Burns.
0:41 of 3rd period - Stopped by Tuukka Rask without a rebound.
0:42 of 3rd period - Patrice Bergeron wins face-off versus Andy McDonald in Bruins zone.
0:42 of 3rd period - Patrice Bergeron is hit by Erik Cole.
1:00 of 3rd period - Dennis Seidenberg is hit by Erik Cole and loses puck.
1:07 of 3rd period - Dennis Seidenberg is hit by Erik Cole and loses puck.
1:44 of 3rd period - Clayton Stoner is hit by Chris Kelly and loses puck.
1:57 of 3rd period - Shot by Brad Marchand.
1:57 of 3rd period - Shot Blocked by Manny Malhotra.
1:59 of 3rd period - Shot by Chris Kelly.
1:59 of 3rd period - Shot Misses the Net.
2:01 of 3rd period - Shot by Brad Marchand.
2:01 of 3rd period - Stopped by Niklas Backstrom without a rebound.
2:02 of 3rd period - David Krejci wins face-off versus Jay Pandolfo in Wild zone.
2:37 of 3rd period - David Krejci is hit by Michael Stone and loses puck.
2:47 of 3rd period - Matt Read is hit by Michael Stone and loses puck.
2:59 of 3rd period - Andrei Markov is hit by Matt Read and loses puck.
4:02 of 3rd period - Shot by Clayton Stoner.
4:02 of 3rd period - Shot Blocked by Christian Ehrhoff.
4:09 of 3rd period - Loui Eriksson is hit by Clayton Stoner and loses puck.
4:28 of 3rd period - Braydon Coburn is hit by Clayton Stoner and loses puck.
4:51 of 3rd period - Off-side.
4:52 of 3rd period - Sean Couturier wins face-off versus Andy McDonald in neutral zone.
5:11 of 3rd period - Shot by Milan Michalek.
5:11 of 3rd period - Stopped by Tuukka Rask without a rebound.
5:12 of 3rd period - Jay Pandolfo wins face-off versus Chris Kelly in Bruins zone.
5:19 of 3rd period - Michael Stone is hit by Chris Kelly and loses puck.
5:31 of 3rd period - Shot by Milan Michalek.
5:31 of 3rd period - Deflect By Brent Burns.
5:31 of 3rd period - Stopped by Tuukka Rask without a rebound.
5:32 of 3rd period - Logan Couture wins face-off versus Andy McDonald in Bruins zone.
5:32 of 3rd period - Matt Read is hit by Erik Cole and loses puck.
5:39 of 3rd period - Shot by Matt Read.
5:39 of 3rd period - Shot Misses the Net.
6:01 of 3rd period - Shot by Logan Couture.
6:01 of 3rd period - Goal by Logan Couture - Bruins : 2 - Wild : 1.
6:02 of 3rd period - Manny Malhotra wins face-off versus Patrice Bergeron in neutral zone.
6:25 of 3rd period - Manny Malhotra is hit by Chris Kunitz and loses puck.
6:47 of 3rd period - Zdeno Chara is hit by Michael Stone and loses puck.
7:18 of 3rd period - Shot by Logan Couture.
7:18 of 3rd period - Shot Misses the Net.
7:57 of 3rd period - Shot by Brad Marchand.
7:57 of 3rd period - Shot Blocked by John-Michael Liles.
8:15 of 3rd period - Shot by Brad Marchand.
8:15 of 3rd period - Stopped by Niklas Backstrom without a rebound.
8:16 of 3rd period - Sean Couturier wins face-off versus Andy McDonald in Wild zone.
8:33 of 3rd period - Shot by Loui Eriksson.
8:33 of 3rd period - Deflect By Milan Lucic.
8:33 of 3rd period - Stopped by Niklas Backstrom without a rebound.
8:34 of 3rd period - Alexei Ponikarovsky wins face-off versus Patrice Bergeron in Wild zone.
9:08 of 3rd period - Shot by Patrice Bergeron.
9:08 of 3rd period - Shot Misses the Net.
9:23 of 3rd period - Icing by Michael Stone.
9:24 of 3rd period - David Krejci wins face-off versus Manny Malhotra in Wild zone.
9:35 of 3rd period - Shot by Logan Couture.
9:35 of 3rd period - Stopped by Niklas Backstrom without a rebound.
9:36 of 3rd period - Andy McDonald wins face-off versus Chris Kelly in Wild zone.
9:48 of 3rd period - Shot by Brad Marchand.
9:48 of 3rd period - Stopped by Niklas Backstrom without a rebound.
9:49 of 3rd period - David Krejci wins face-off versus Jay Pandolfo in Wild zone.
9:49 of 3rd period - Logan Couture is hit by Ryan Whitney and loses puck.
9:52 of 3rd period - Shot by Matt Read.
9:52 of 3rd period - Shot Misses the Net.
10:03 of 3rd period - Icing by Dennis Seidenberg.
10:04 of 3rd period - David Krejci wins face-off versus Andy McDonald in Bruins zone.
10:04 of 3rd period - David Krejci is hit by Erik Cole.
10:33 of 3rd period - Icing by Fedor Tyutin.
10:34 of 3rd period - Andy McDonald wins face-off versus Loui Eriksson in Wild zone.
10:55 of 3rd period - Shot by Erik Cole.
10:55 of 3rd period - Goal by Erik Cole - Bruins : 2 - Wild : 2.
10:56 of 3rd period - Jay Pandolfo wins face-off versus Chris Kelly in neutral zone.
11:47 of 3rd period - Off-side.
11:48 of 3rd period - Andy McDonald wins face-off versus David Krejci in neutral zone.
12:17 of 3rd period - Andrew Ebbett is hit by Zdeno Chara and loses puck.
12:25 of 3rd period - Icing by Dougie Hamilton.
12:26 of 3rd period - Manny Malhotra wins face-off versus David Krejci in Bruins zone.
12:26 of 3rd period - Clayton Stoner is hit by Zdeno Chara and loses puck.
12:57 of 3rd period - Icing by Dennis Seidenberg.
12:58 of 3rd period - Chris Kunitz wins face-off versus Jay Pandolfo in Bruins zone.
13:05 of 3rd period - Shot by Brent Burns.
13:05 of 3rd period - Stopped by Tuukka Rask without a rebound.
13:06 of 3rd period - Sean Couturier wins face-off versus Andy McDonald in Bruins zone.
13:06 of 3rd period - Sean Couturier is hit by Andy McDonald.
13:31 of 3rd period - Andy McDonald is hit by Dennis Seidenberg and loses puck.
14:09 of 3rd period - Andy McDonald is hit by Logan Couture and loses puck.
14:31 of 3rd period - Minor Penalty to Alexei Ponikarovsky for Hooking.
14:32 of 3rd period - Jay Pandolfo wins face-off versus Matt Read in Wild zone.
14:49 of 3rd period - Shot by Brad Marchand.
14:49 of 3rd period - Shot Blocked by Manny Malhotra.
15:52 of 3rd period - Shot by Logan Couture.
15:52 of 3rd period - Stopped by Niklas Backstrom without a rebound.
15:53 of 3rd period - Manny Malhotra wins face-off versus Brad Marchand in Wild zone.
16:36 of 3rd period - Icing by Braydon Coburn.
16:37 of 3rd period - Erik Cole wins face-off versus Sean Couturier in Bruins zone.
17:15 of 3rd period - Loui Eriksson is hit by Erik Cole and loses puck.
17:33 of 3rd period - Icing by Christian Ehrhoff.
17:34 of 3rd period - Manny Malhotra wins face-off versus Jakob Silfverberg in Bruins zone.
17:57 of 3rd period - Icing by Blake Comeau.
17:58 of 3rd period - Manny Malhotra wins face-off versus David Krejci in Wild zone.
17:58 of 3rd period - Manny Malhotra is hit by Matt Read.
18:06 of 3rd period - Clayton Stoner is hit by David Krejci and loses puck.
18:41 of 3rd period - Shot by David Krejci.
18:41 of 3rd period - Deflect By Matt Read.
18:41 of 3rd period - Shot Misses the Net.
18:43 of 3rd period - Shot by Logan Couture.
18:43 of 3rd period - Shot Blocked by Ryan Whitney.
18:55 of 3rd period - Icing by Clayton Stoner.
18:56 of 3rd period - Patrice Bergeron wins face-off versus Manny Malhotra in Wild zone.
19:09 of 3rd period - Icing by Christian Ehrhoff.
19:10 of 3rd period - Andy McDonald wins face-off versus Patrice Bergeron in Bruins zone.
19:11 of 3rd period - Shot by Erik Cole.
19:11 of 3rd period - Stopped by Tuukka Rask without a rebound.
19:12 of 3rd period - Patrice Bergeron wins face-off versus Andy McDonald in Bruins zone.
19:12 of 3rd period - Chris Kunitz is hit by Erik Cole and loses puck.
19:24 of 3rd period - Icing by Dennis Seidenberg.
19:25 of 3rd period - Jay Pandolfo wins face-off versus Patrice Bergeron in Bruins zone.
19:50 of 3rd period - Shot by Loui Eriksson.
19:50 of 3rd period - Shot Misses the Net.
19:54 of 3rd period - Shot by Chris Kunitz.
19:54 of 3rd period - Shot Misses the Net.
19:56 of 3rd period - Shot by Dennis Seidenberg.
19:56 of 3rd period - Stopped by Niklas Backstrom without a rebound.
19:57 of 3rd period - Andy McDonald wins face-off versus David Krejci in Wild zone.
19:57 of 3rd period - Andy McDonald is hit by David Krejci.
Goals for this period are 1 for Bruins vs 1 for Wild.
Shots for this period are 8 for Bruins vs 6 for Wild.

Overtime #1


0:01 of 1st overtime period - Jay Pandolfo wins face-off versus Sean Couturier in neutral zone.
0:25 of 1st overtime period - Icing by Dougie Hamilton.
0:26 of 1st overtime period - Jakob Silfverberg wins face-off versus Andy McDonald in Bruins zone.
1:25 of 1st overtime period - Shot by Logan Couture.
1:25 of 1st overtime period - Deflect By Torey Krug.
1:25 of 1st overtime period - Stopped by Niklas Backstrom without a rebound.
1:26 of 1st overtime period - Sean Couturier wins face-off versus Jay Pandolfo in Wild zone.
1:52 of 1st overtime period - Shot by Sean Couturier.
1:52 of 1st overtime period - Shot Blocked by Ryan Whitney.
2:18 of 1st overtime period - Shot by Logan Couture.
2:18 of 1st overtime period - Shot Misses the Net.
2:24 of 1st overtime period - Shot by Torey Krug.
2:24 of 1st overtime period - Stopped by Niklas Backstrom without a rebound.
2:25 of 1st overtime period - Andy McDonald wins face-off versus Milan Lucic in Wild zone.
2:30 of 1st overtime period - Shot by Milan Lucic.
2:30 of 1st overtime period - Stopped by Niklas Backstrom without a rebound.
2:31 of 1st overtime period - Sean Couturier wins face-off versus Andy McDonald in Wild zone.
2:32 of 1st overtime period - Shot by Braydon Coburn.
2:32 of 1st overtime period - Shot Blocked by Andrei Markov.
2:53 of 1st overtime period - Shot by Brent Burns.
2:53 of 1st overtime period - Stopped by Tuukka Rask with a rebound.
2:55 of 1st overtime period - Shot by Brent Burns.
2:55 of 1st overtime period - Stopped by Tuukka Rask with a rebound.
2:57 of 1st overtime period - Shot by Brent Burns.
2:57 of 1st overtime period - Stopped by Tuukka Rask with a rebound.
2:59 of 1st overtime period - Shot by Andrei Markov.
2:59 of 1st overtime period - Stopped by Tuukka Rask without a rebound.
3:00 of 1st overtime period - Andy McDonald wins face-off versus Logan Couture in Bruins zone.
3:07 of 1st overtime period - Shot by Logan Couture.
3:07 of 1st overtime period - Stopped by Niklas Backstrom without a rebound.
3:08 of 1st overtime period - Logan Couture wins face-off versus Jay Pandolfo in Wild zone.
3:23 of 1st overtime period - Logan Couture is hit by Brent Burns and loses puck.
4:00 of 1st overtime period - Jay Pandolfo is hit by Jakob Silfverberg and loses puck.
4:04 of 1st overtime period - Off-side.
4:05 of 1st overtime period - Andy McDonald wins face-off versus Jakob Silfverberg in neutral zone.
4:35 of 1st overtime period - Shot by Jakob Silfverberg.
4:35 of 1st overtime period - Stopped by Niklas Backstrom without a rebound.
4:36 of 1st overtime period - Logan Couture wins face-off versus Andy McDonald in Wild zone.
Goals for this period are 0 for Bruins vs 0 for Wild.
Shots for this period are 5 for Bruins vs 4 for Wild.

ShootOut


5:00 of 1st overtime period - Penalty Shot by Chris Kunitz for Bruins.
5:00 of 1st overtime period - Goal by Chris Kunitz.
5:00 of 1st overtime period - Penalty Shot by Andy McDonald for Wild.
5:00 of 1st overtime period - Stopped by Tuukka Rask.
5:00 of 1st overtime period - Penalty Shot by Logan Couture for Bruins.
5:00 of 1st overtime period - Shot Misses the Net.
5:00 of 1st overtime period - Penalty Shot by Brent Burns for Wild.
5:00 of 1st overtime period - Stopped by Tuukka Rask.
5:00 of 1st overtime period - Penalty Shot by Brad Marchand for Bruins.
5:00 of 1st overtime period - Shot Misses the Net.
5:00 of 1st overtime period - Penalty Shot by Andrei Markov for Wild.
5:00 of 1st overtime period - Stopped by Tuukka Rask.


Output by the SimonT Hockey Simulator (STHS) for Stephane Roy -- Original Page W3C XHTML 1.0 Valid
Hockey Simulator - Hockey Simulation - Hockey Manager